AoeStats
← Chungus69

Arena

505116159Analyzed
1v1 RM · 25d ago on Sep 7, 2026· 52m 26s· 2 players
Game mode
Random Map
Map size
Tiny (2 player)
Population
200
Speed
Normal
Resources
Standard
Victory
Conquest
Starting age
Dark Age
Ending age
Imperial Age
RankedLock teamsTeams togetherTeam positionsShared explorationLock speedFull tech treeHidden civsTurbo modeCheats
Victory
Defeat
🇨🇦 Magyars · Canada
667
+16
🇺🇸 Britons · United States
661
-16
Chungus69
9:33 Feudal Age
11:41 Double-Bit Axe
13:23 Horse Collar
14:36 Wheelbarrow
17:56 Scale Mail Armor
18:07 Forging
18:14 Man-at-Arms
18:45 Arson
21:10 Town Watch
26:33 Castle Age
24:47 Gold Mining
26:35 Long Swordsman
27:06 Gambesons
27:41 Chain Mail Armor
28:02 Iron Casting
27:37 Heavy Plow
27:53 Bow Saw
30:18 Squires
30:58 Hand Cart
31:22 Gold Shaft Mining
32:17 Pikeman
34:01 Stone Mining
34:43 Town Patrol
42:02 Imperial Age
45:14 Heated Shot
45:54 Ballistics
45:57 Fortified Wall
47:05 Plate Mail Armor
46:59 Halberdier
50:54 Blast Furnace
Nix
8:35 Loom
10:23 Feudal Age
14:46 Castle Age
15:58 Double-Bit Axe
16:53 Horse Collar
18:47 Heavy Plow
23:23 Gold Mining
23:25 Stone Mining
24:49 Wheelbarrow
31:47 Hand Cart
32:02 Corvinian Army
32:16 Scale Barding Armor
33:37 Thumb Ring
38:39 Ballistics
42:01 Imperial Age
39:20 Town Watch
40:03 Masonry
40:11 Padded Archer Armor
40:01 Fletching
40:31 Chain Barding Armor
41:50 Town Patrol
41:37 Loom
43:11 Conscription
42:20 Heavy Scorpion
43:22 Elite Magyar Huszar
44:28 Recurve Bow
45:33 Herbal Medicine
47:44 Parthian Tactics
46:40 Heavy Cavalry Archer
47:39 Leather Archer Armor
48:08 Gold Shaft Mining
Connection lost

Rejoining the realm…

Still unreachable

The connection could not be restored.

Session expired

The server has moved on; the page needs a fresh start.